 Dungeon Crawl Stone Soup version 0.23-a0-189-gc87c613 (webtiles) character file.

5399 Felrender the Carver (level 10, 0/115 HPs)
             Began as a Demonspawn Fighter on Sept 24, 2018.
             Was a Believer of Okawaru.
             Slain by Erica
             ... wielding a +1 scimitar of flaming
              (1 damage)
             ... on level 9 of the Dungeon.
             The game lasted 00:17:31 (8419 turns).

Felrender the Carver (Demonspawn Fighter)           Turns: 8419, Time: 00:17:32

Health: 0/115      AC: 27    Str: 23    XL:     10   Next: 40%
Magic:  0/10       EV:  2    Int: 12    God:    Okawaru [**....]
Gold:   442        SH: 12    Dex: 21    Spells: 9/9 levels left

rFire    . . .     SeeInvis .   a - +2 long sword
rCold    . . .     Gourm    .   c - +0 shield
rNeg     + + +     Faith    .   (armour currently unavailable)
rPois    +         Spirit   +   (helmet currently unavailable)
rElec    .         Reflect  .   (cloak currently unavailable)
rCorr    .         Harm     .   (gloves currently unavailable)
MR       .....     NoTele   +   (boots currently unavailable)
Stlth    +++.......             (no amulet)
HPRegen  0.29/turn              l - +3 ring of intelligence
MPRegen  0.24/turn              k - +2 ring of protection

@: agile, tree-form (expiring), hasted, very quick
A: agile 2, mutation resistance 1, strong 1, magic shield, magic regeneration
a: Heroism, Renounce Religion


You were on level 9 of the Dungeon.
You worshipped Okawaru.
Okawaru was pleased with you.
You were not hungry.
You were a tree.
You visited 2 branches of the dungeon, and saw 10 of its levels.

You collected 442 gold pieces.

Inventory:

Hand Weapons
 a - a +2 long sword (weapon)
 w - a +0 arbalest
 A - a +1 trident of protection
Missiles
 b - 19 bolts
 n - 6 tomahawks of returning (quivered)
 D - 6 poisoned tomahawks
Armour
 c - a +0 shield (worn)
 h - a +2 pair of gloves (melded)
 B - a +1 plate armour (melded)
 F - a +0 cloak (melded)
Jewellery
 k - a +2 ring of protection (right branch)
 l - a +3 ring of intelligence (left branch)
Wands
 j - a wand of random effects (47)
 s - a wand of acid (7)
 t - a wand of iceblast (11)
 v - a wand of paralysis (18)
 y - a wand of polymorph (23)
Scrolls
 d - a scroll of fog
 m - 3 scrolls of identify
 o - 7 scrolls of teleportation
 r - 6 scrolls of remove curse
 u - 2 scrolls of blinking
 x - a scroll of fear
 G - a scroll of enchant weapon
Potions
 g - a potion of curing
 p - a potion of haste
 q - 2 potions of brilliance
 z - 2 potions of magic
 C - a potion of experience {unknown}
Comestibles
 f - 7 rations
 E - 6 chunks of flesh


   Skills:
 + Level 6.4 Fighting
 + Level 9.1 Long Blades
 + Level 7.0 Armour
 + Level 2.8 Dodging
 + Level 1.7 Stealth
 + Level 7.0 Shields


You had 9 spell levels left.
You didn't know any spells.
Your spell library contained the following spells:

 Spells                   Type           Power        Failure   Level  Hunger
 Animate Skeleton         Necr           N/A          67%         1    ##.....
 Apportation              Tloc           #.....       67%         1    ##.....
 Beastly Appendage        Tmut           #.....       67%         1    ##.....
 Confusing Touch          Hex            #.....       67%         1    ##.....
 Pain                     Necr           #...         67%         1    ##.....
 Sting                    Conj/Pois      #...         67%         1    ##.....
 Summon Small Mammal      Summ           #...         67%         1    ##.....
 Poisonous Vapours        Pois/Air       #.....       80%         2    ###....
 Sticks to Snakes         Tmut           #.......     80%         2    ###....
 Mephitic Cloud           Conj/Pois/Air  #.......     95%         3    ####...
 Regeneration             Chrm/Necr      #.........   95%         3    ####...
 Spider Form              Tmut/Pois      #.........   95%         3    ####...
 Vampiric Draining        Necr           #.........   95%         3    ####...
 Animate Dead             Necr           N/A          100%        4    #####..
 Ice Form                 Ice/Tmut       #.......     100%        4    #####..
 Olgreb's Toxic Radiance  Pois           #.......     100%        4    #####..
 Blade Hands              Tmut           #.........   100%        5    ######.
 Venom Bolt               Conj/Pois      #.........   100%        5    ######.


Dungeon Overview and Level Annotations

Branches:
Dungeon (9/15)             Temple (1/1) D:6
   Lair: D:8-11         Orc: D:9-12

Altars:
Cheibriados
Dithmenos
Elyvilon
Fedhas
Gozag
Hepliaklqana
Kikubaaqudgha
Makhleb
Nemelex Xobeh
Okawaru
Qazlal
Sif Muna
Uskayaw
Wu Jian
Xom
Yredelemnul
Zin

Shops:
D:5 %

Annotations:
D:9 Erica


Innate Abilities, Weirdness & Mutations

((You have hoof-like feet.))
((You are partially covered in sharp spines.))
When hurt, damage is shared between your health and your magic reserves.
You regenerate magic rapidly.
((Your skin changes colour to match your surroundings (Stealth+).))
You are very agile. (Dex +4)
You are somewhat resistant to further mutation.
Your muscles are strong. (Str +2)


Message History

The gnoll hits you but does no damage.
You cannot move.
Unknown command.
You closely miss the gnoll.
The gnoll sergeant hits you but does no damage.
You block the gnoll's attack. Something hits you!
* * * LOW HITPOINT WARNING * * *
Something burns you.
* * * LOW HITPOINT WARNING * * *
You barely miss the orc. You block the orc's attack.
You block the gnoll sergeant's attack.
You slash the orc!
You kill the orc!
Okawaru accepts your kill. You block the gnoll's attack.
The orc priest casts a cantrip, but nothing happens.
Something hits you.
* * * LOW HITPOINT WARNING * * *
Something burns you.
You die... ..# o.. ..# .o.. #.# oo.. #.# .ooo.

###.#######8o8
#...#...#.o.
#)#..o.o#)#
#o#...<.o.#
#♣#.#######
#{ggo....
#oZo.....
#oo......
.o.......
.......###
.......
.......##


You could see a gnoll sergeant, 2 orc priests, an orc wizard, a gnoll, 4 orcs
and an adder skeleton.

Vanquished Creatures
  2 two-headed ogres (D:8)
  Pikel (D:5)
  Grinder (D:5)
  A hippogriff (D:7)
  2 water moccasins (D:5)
  4 orc warriors
  A sky beast (D:5)
  4 ice beasts
  A necrophage (D:6)
  3 ogres
  A phantom (D:6)
  2 centaurs
  5 bullfrogs
  A gnoll sergeant (D:8)
  A water moccasin zombie (D:5)
  2 scorpions
  3 crimson imps (D:8)
  A bullfrog zombie (D:5)
  A centaur zombie (D:8)
  A quasit (D:7)
  3 orc priests (D:5)
  4 hounds
  2 jellies (D:6)
  2 bullfrog skeletons
  5 iguanas
  An orc wizard (D:5)
  7 worker ants
  A hound zombie (D:7)
  5 gnolls
  A howler monkey skeleton (D:8)
  5 adders
  5 shadow imps
  3 oozes
  An adder skeleton (D:7)
  6 worms
  5 dart slugs
  5 leopard geckos
  20 orcs
  7 bats
  3 giant cockroaches
  15 goblins
  11 hobgoblins
  2 jackals (D:2)
  4 quokkas
  3 ball pythons (D:1)
  7 frilled lizards
  7 kobolds
  8 rats
186 creatures vanquished.

Notes
Turn   | Place    | Note
-------+----------+-------------------------------------------
     0 | D:1      | Felrender the Demonspawn Fighter began the quest for the
                  | Orb.
     0 | D:1      | Reached XP level 1. HP: 18/18 MP: 1/1
   408 | D:1      | Gained mutation: You are partially covered in sharp spines.
                  | [demonic ancestry]
   408 | D:1      | Reached XP level 2. HP: 20/24 MP: 2/2
   637 | D:1      | Reached skill level 2 in Long Blades
   837 | D:1      | Gained mutation: You have large cloven feet. [demonic
                  | ancestry]
   837 | D:1      | Reached XP level 3. HP: 29/29 MP: 3/3
  1426 | D:2      | Reached XP level 4. HP: 35/35 MP: 4/4
  1462 | D:2      | Gained mutation: You are agile. (Dex +2) [potion of
                  | mutation]
  1462 | D:2      | Gained mutation: Your body sometimes deteriorates upon
                  | taking damage. [potion of mutation]
  1462 | D:2      | Gained mutation: Your muscles are strong. (Str +2) [potion
                  | of mutation]
  1462 | D:2      | Gained mutation: Your muscles are very strong. (Str +4)
                  | [potion of mutation]
  1782 | D:2      | Found a shimmering altar of Xom.
  2060 | D:3      | Noticed an ice beast
  2073 | D:3      | Killed an ice beast
  2073 | D:3      | Reached skill level 3 in Long Blades
  2073 | D:3      | Reached XP level 5. HP: 20/41 MP: 5/5
  2578 | D:4      | Reached skill level 1 in Dodging
  2578 | D:4      | Gained mutation: When hurt, damage is shared between your
                  | health and your magic reserves. [demonic ancestry]
  2578 | D:4      | Reached XP level 6. HP: 41/47 MP: 6/6
  3691 | D:5      | Entered Level 5 of the Dungeon
  3706 | D:5      | Reached skill level 4 in Long Blades
  4024 | D:5      | Noticed a water moccasin
  4029 | D:5      | Killed a water moccasin
  4029 | D:5      | Reached XP level 7. HP: 42/53 MP: 7/7
  4284 | D:5      | Noticed Grinder
  4301 | D:5      | Paralysed by Grinder for 6 turns
  4319 | D:5      | Killed Grinder
  4319 | D:5      | Reached skill level 5 in Long Blades
  4402 | D:5      | Found Aghaoses's Food Emporium.
  4426 | D:5      | Reached skill level 5 in Armour
  4484 | D:5      | Reached skill level 1 in Stealth
  4484 | D:5      | Reached XP level 8. HP: 40/60 MP: 5/8
  5171 | D:5      | Noticed Pikel
  5190 | D:5      | Killed Pikel
  5190 | D:5      | Reached skill level 6 in Long Blades
  5190 | D:5      | Reached skill level 5 in Shields
  5798 | D:6      | Reached skill level 7 in Long Blades
  5813 | D:6      | Reached skill level 5 in Fighting
  5813 | D:6      | Gained mutation: You have hoof-like feet. [demonic
                  | ancestry]
  5813 | D:6      | Reached XP level 9. HP: 53/68 MP: 7/9
  5904 | D:6      | Found a shimmering altar of Xom.
  6033 | D:6      | Found a staircase to the Ecumenical Temple.
  6043 | Temple   | Entered the Ecumenical Temple
  6659 | D:7      | Found a stormy altar of Qazlal.
  6660 | D:7      | Found an ancient bone altar of Kikubaaqudgha.
  6669 | D:7      | Found a glowing silver altar of Zin.
  6671 | D:7      | Found an iron altar of Okawaru.
  6672 | D:7      | Found a deep blue altar of Sif Muna.
  6873 | D:7      | Became a worshipper of Warmaster Okawaru
  6974 | D:7      | Found a snail-covered altar of Cheibriados.
  6978 | D:7      | Found a basalt altar of Yredelemnul.
  7398 | D:8      | Reached skill level 8 in Long Blades
  7471 | D:8      | Reached * piety under Okawaru
  7551 | D:8      | Noticed a two-headed ogre
  7563 | D:8      | Killed a two-headed ogre
  7563 | D:8      | Gained mutation: You regenerate magic rapidly. [demonic
                  | ancestry]
  7563 | D:8      | Reached XP level 10. HP: 15/76 MP: 1/10
  7872 | D:8      | Lost mutation: Your muscles are very strong. (Str +4)
                  | [potion of mutation]
  7872 | D:8      | Lost mutation: Your body sometimes deteriorates upon taking
                  | damage. [potion of mutation]
  7872 | D:8      | Gained mutation: You are very agile. (Dex +4) [potion of
                  | mutation]
  7872 | D:8      | Gained mutation: Your skin changes colour to match your
                  | surroundings (Stealth+). [potion of mutation]
  7872 | D:8      | Gained mutation: You are somewhat resistant to further
                  | mutation. [potion of mutation]
  8224 | D:8      | Noticed a two-headed ogre
  8230 | D:8      | Killed a two-headed ogre
  8230 | D:8      | Reached ** piety under Okawaru
  8230 | D:8      | Reached skill level 9 in Long Blades
  8391 | D:9      | Noticed Erica
  8417 | D:9      | HP: 4/115 [something (5)]
  8419 | D:9      | HP: 1/115 [something (2)]
  8419 | D:9      | Slain by Erica

Vault maps used:
D:1:      scummos_arrival_checkerplants
D:2:      xom_teletrap_fun
D:3:      first_ration
D:5:      serial_shops, shop, uniq_pikel, uniq_grinder
D:6:      kennysheep_little_box, minmay_temple_entry_poolview,
          minmay_statues_item
D:7:      minitemple, grunt_temple_overflow_open, kennysheep_generic_room_13
D:8:      minmay_weird_star, nicolae_overflow_hidden_temple
D:9:      nicolae_ru_the_path_less_chosen, nicolae_tso_swordbearing_angel,
          lair_entry_dummy, david_orc_5, uniq_erica
Temple:   compressed_dpeg_triangle_lava_temple

Skill      XL: |  1  2  3  4  5  6  7  8  9 10 |
---------------+-------------------------------+-----
Shields        | 3 4 5 6 7 |  7.0
Armour         | 3 4 5 6 7 |  7.0
Long Blades    | 2 3 4 5 7 8 9 |  9.1
Dodging        | 1 2 |  2.8
Fighting       | 4 5 6 |  6.4
Stealth        | 1 |  1.7

Action                   |  1- 3 |  4- 6 |  7- 9 | 10-12 || total
-------------------------+-------+-------+-------+-------++-------
Melee: Long sword        |   129 |   104 |   236 |    72 ||   541
       Kick              |     9 |    37 |   101 |    26 ||   173
Invok: Heroism           |       |       |       |     1 ||     1
  Use: Potion            |     1 |     2 |     4 |     4 ||    11
       Scroll            |     5 |     9 |     5 |     1 ||    20
  Eat: Chunk             |     2 |     5 |     1 |       ||     8
       Ration            |       |     1 |     3 |     1 ||     5
Armor: Scale mail        |    58 |    36 |    68 |       ||   162
       Skin              |       |       |     1 |    27 ||    28
       Plate armour      |       |       |    21 |    21 ||    42
Dodge: Dodged            |    27 |    22 |    53 |    14 ||   116
Block: Shield            |    68 |    48 |   113 |    57 ||   286
       Rpst.: Long sword |     6 |     5 |    16 |     3 ||    30

Table legend:
 A = Non-vault XP
 B = Vault XP
 C = Vault XP percentage of total XP
 D = Non-vault monster count
 E = Vault monster count
 F = Vault count percentage of total count
                 A         B        C        D         E       F
            +---------+---------+-------+---------+---------+-------
      Total |    6378 |    1335 |  17.3 |     176 |      10 |   5.4
            +---------+---------+-------+---------+---------+-------
        D:1 |      64 |       0 |   0.0 |      32 |       0 |   0.0
        D:2 |      88 |       0 |   0.0 |      26 |       0 |   0.0
        D:3 |     191 |       0 |   0.0 |      22 |       0 |   0.0
        D:4 |     156 |       0 |   0.0 |       8 |       0 |   0.0
        D:5 |    1007 |     918 |  47.7 |      29 |       2 |   6.5
        D:6 |     868 |       0 |   0.0 |      13 |       0 |   0.0
        D:7 |     874 |     137 |  13.6 |      16 |       1 |   5.9
        D:8 |    2869 |       0 |   0.0 |      25 |       0 |   0.0
        D:9 |     261 |     280 |  51.8 |       5 |       7 |  58.3
            +---------+---------+-------+---------+---------+-------
